 Dungeon Crawl Stone Soup version 0.18.1-47-g9310371 (console) character file.

231 Kloppie the Poker (level 6, 0/55 HPs)
             Began as a Gargoyle Gladiator on June 15, 2016.
             Slain by Pikel
             ... wielding a +1 whip of flaming
              (4 damage)
             ... on level 5 of the Dungeon.
             The game lasted 00:03:33 (2019 turns).

Kloppie the Poker (Gargoyle Gladiator)              Turns: 2019, Time: 00:03:33

Health: 0/55       AC:  9    Str: 21 (23) XL:     6   Next: 3%
Magic:  6/6        EV: 13    Int:  8 (9)  God:
Gold:   121        SH:  0    Dex: 11 (12) Spells: 0 memorised, 5 levels left

rFire  . . .     SeeInvis .     a - +0 trident
rCold  . . .     Gourm    .     b - +0 leather armour
rNeg   + . .     Faith    .     (no shield)
rPois  ∞         Spirit   .     c - +0 helmet
rElec  +         Dismiss  .     (no cloak)
rCorr  .         Reflect  .     (no gloves)
SustAt .         Harm     .     e - +0 pair of boots
MR     .....                    (no amulet)
Stlth  ..........               (no ring)
                                (no ring)

@: berserking (expiring), marked, very quick, not resistant to hostile
enchantments, extremely unstealthy
A: negative energy resistance 1, electricity resistance, unbreathing,
petrification resistance, rot immunity, AC +4
a: no special abilities


You were on level 5 of the Dungeon.
You were not hungry.

You visited 1 branch of the dungeon, and saw 4 of its levels.

You collected 121 gold pieces.

Inventory:

Hand Weapons
 a - a +0 trident (weapon)
Missiles
 d - 3 throwing nets (quivered)
Armour
 b - a +0 leather armour (worn)
 c - a +0 helmet (worn)
 e - a +0 pair of boots (worn)
Wands
 v - a wand of teleportation (7/9)
Scrolls
 h - 3 scrolls of identify
 i - a scroll of immolation {unknown}
 k - 4 scrolls of teleportation {unknown}
 q - 2 scrolls of remove curse {unknown}
Potions
 l - 3 potions of brilliance
 o - a potion of curing {unknown}
 r - 2 potions of agility {unknown}
 t - a potion of invisibility {unknown}
Comestibles
 f - 2 bread rations
 j - a beef jerky
 n - a meat ration
 p - a slice of pizza
 s - 3 fruits
 u - 6 chunks of flesh


   Skills:
 + Level 3.6 Fighting
 * Level 4.4 Polearms
 - Level 1.7 Throwing
 + Level 3.6 Dodging


You had 5 spell levels left.
You didn't know any spells.

Dungeon Overview and Level Annotations

Branches:
Dungeon (3/15)

Altars:
Qazlal
Sif Muna
Yredelemnul
The Shining One

Annotations:
D:5 Pikel


Innate Abilities, Weirdness & Mutations

You are resistant to torment.
Your stone body is resilient (AC +4).
You are immune to poison.
You resist negative energy.
You are resistant to electric shocks.
You can survive without breathing.
You are immune to petrification.
You are immune to rotting.


Message History

Pikel burns you.
* * * LOW HITPOINT WARNING * * *
The slave misses you.
You barely miss Pikel. Pikel closely misses you. The slave misses you.
You barely miss Pikel. Pikel waves his whip at you. Pikel barely misses you.
You puncture Pikel!
Pikel is moderately wounded.
The slave hits you but does no damage.
You closely miss Pikel.
Pikel is moderately wounded.
Pikel hits you but does no damage. The slave closely misses you.
You barely miss Pikel.
Pikel is moderately wounded.
Pikel hits you but does no damage. The slave closely misses you.
You miss Pikel.
Pikel is moderately wounded.
Pikel hits you with a whip of flaming.
You die...

#.....# #.#
#####.###############.#
#............##.......#
#.###.######.##.#######
##.###.# #.# #...##.###
#.# .........# #.#
#...##....# #.#
##.#####..# #@# #.# ..#
#pK...... #.# ..#
#p######. #.# .# #p#
#.. .. #p. ### ... ...
.#..


You could see Pikel and 4 slaves.

Vanquished Creatures
  The ghost of DrPhoenix the Chopper, a weakling GrGl (D:5)
  A gnoll shaman (D:3)
  Natasha (thrice) (D:2)
  3 gnolls (D:3)
  A dart slug (D:3)
  3 giant geckos
  An orc (D:5)
  5 giant cockroaches
  7 goblins
  5 hobgoblins
  6 jackals (D:1)
  A quokka (D:2)
  8 bats
  3 giant newts
  5 kobolds (D:1)
  4 rats (D:1)
57 creatures vanquished.

Notes
Turn   | Place    | Note
--------------------------------------------------------------
     0 | D:1      | Kloppie the Gargoyle Gladiator began the quest for the Orb.
     0 | D:1      | Reached XP level 1. HP: 12/12 MP: 1/1
   316 | D:1      | Reached XP level 2. HP: 12/17 MP: 2/2
   344 | D:1      | Reached skill level 3 in Polearms
   558 | D:1      | Reached XP level 3. HP: 22/22 MP: 3/3
   926 | D:2      | Noticed Natasha
   931 | D:2      | Killed Natasha
   931 | D:2      | Reached XP level 4. HP: 27/27 MP: 4/4
   939 | D:2      | Noticed Natasha
   946 | D:2      | Killed Natasha
   969 | D:2      | Noticed Natasha
   976 | D:2      | Killed Natasha
   976 | D:2      | Reached XP level 5. HP: 27/32 MP: 5/5
  1024 | D:2      | Found a glowing golden altar of the Shining One.
  1105 | D:2      | Found a deep blue altar of Sif Muna.
  1242 | D:2      | Found a stormy altar of Qazlal.
  1524 | D:2      | Found a basalt altar of Yredelemnul.
  1526 | D:2      | Noticed a profane servitor
  1603 | D:2      | Noticed an angel
  1697 | D:3      | Reached skill level 4 in Polearms
  1859 | D:3      | You fall through a shaft for 2 floors!
  1859 | D:5      | Entered Level 5 of the Dungeon
  1953 | D:5      | Noticed DrPhoenix's ghost (weakling GrGl)
  2001 | D:5      | Noticed a slave
  2001 | D:5      | Noticed a slave
  2002 | D:5      | Noticed a slave
  2002 | D:5      | Noticed Pikel
  2007 | D:5      | Noticed a slave
  2009 | D:5      | Killed DrPhoenix's ghost
  2009 | D:5      | Reached XP level 6. HP: 8/37 MP: 6/6
  2019 | D:5      | Slain by Pikel

Skill      XL: |  1  2  3  4  5 |
---------------+----------------+-----
Polearms       | 3 4 |  4.4
Dodging        | 3 |  3.6
Fighting       | 3 |  3.6
Throwing       | |  1.7

Action                   |  1- 3 |  4- 6 || total
-------------------------+-------+-------++-------
Melee: Trident           |    98 |    97 ||   195
Throw: Throwing net      |     3 |       ||     3
  Use: Potion            |       |     2 ||     2
       Scroll            |       |     1 ||     1
 Stab: Sleeping          |       |     1 ||     1
  Eat: Chunk             |       |     4 ||     4
Armor: Leather armour    |    33 |    28 ||    61
Dodge: Dodged            |    42 |    46 ||    88
